 Dungeon Crawl Stone Soup version 0.24-a0-416-g56ce5178b7 (webtiles) character file.

Game seed: 5900336989637396057

567 zeta the Chopper (level 7, -3/50 HPs)
             Began as a Demonspawn Gladiator on June 9, 2019.
             Slain by a gnoll
             ... wielding a +0 spear
              (6 damage)
             ... while paralysed by Grinder
             ... on level 5 of the Dungeon.
             The game lasted 00:07:50 (5184 turns).

zeta the Chopper (Demonspawn Gladiator)             Turns: 5184, Time: 00:07:51

Health: -3/50      AC: 10    Str: 27    XL:     7   Next: 11%
Magic:  0/16       EV:  2    Int:  9    God:
Gold:   310        SH:  0    Dex: 14    Spells: 6/6 levels left

rFire    . . .     SeeInvis .   a - +0 war axe
rCold    . . .     Gourm    .   (no shield)
rNeg     . . .     Faith    .   b - +0 leather armour
rPois    .         Spirit   +   c - +0 helmet
rElec    .         Reflect  .   n - scarf {Spirit}
rCorr    .         Harm     .   (no gloves)
MR       .....                  (no boots)
Stlth    +++.......             y - amulet of regeneration
HPRegen  0.56/turn              j - +5 ring of strength
MPRegen  0.15/turn              q - ring of magical power

@: paralysed, mighty, marked, sanguine armour
A: foul stench 1, nightstalker 2, rot immunity, sanguine armour 1
a: no special abilities


You were on level 5 of the Dungeon.
You were hungry.

You visited 1 branch of the dungeon, and saw 5 of its levels.

You collected 310 gold pieces.

Inventory:

Hand Weapons
 a - a +0 war axe (weapon)
 g - a +0 dagger of venom
Missiles
 d - 3 throwing nets
 s - 6 boomerangs
 u - 5 javelins
 w - 12 poisoned darts (quivered)
Armour
 b - a +0 leather armour (worn)
 c - a +0 helmet (worn)
 n - a scarf of spirit shield (worn)
Jewellery
 j - a +5 ring of strength (left hand)
 q - a ring of magical power (right hand)
 x - a +5 ring of strength
 y - an amulet of regeneration (around neck)
 C - a +2 ring of protection {unknown}
Wands
 A - a wand of digging (5)
Scrolls
 i - a scroll of identify
 k - a scroll of enchant armour {unknown}
 p - 6 scrolls of teleportation
 r - a scroll of blinking {unknown}
 v - a scroll of magic mapping {unknown}
 B - 4 scrolls of remove curse
 D - 2 scrolls of fear {unknown}
 E - a scroll of noise {unknown}
 F - a scroll of enchant weapon {unknown}
Potions
 e - a potion of berserk rage {unknown}
 h - 2 potions of degeneration
 l - a potion of curing
 o - 4 potions of lignification
 t - a potion of haste {unknown}
 z - a potion of might
Comestibles
 f - 6 rations


   Skills:
 - Level 2.0 Fighting
 + Level 7.5 Axes
 - Level 1.7 Throwing
 - Level 2.6 Dodging


You had 6 spell levels left.
You didn't know any spells.
Your spell library was empty.

Dungeon Overview and Level Annotations

Branches:
Dungeon (5/15)
 Temple: D:4-7

Altars:
Dithmenos
The Shining One

Annotations:
D:5 1 runed translucent door, Crazy Yiuf, Grinder


Innate Abilities, Weirdness & Mutations

You may emit foul miasma when damaged in melee.
You are significantly more attuned to the shadows.
You are immune to rotting.
When seriously injured, your bleeding wounds create armour. (AC +6)


Message History

The gnoll completely misses you.
Unknown command.
You barely miss the gnoll.
The gnoll is heavily wounded.
The gnoll hits you but does no damage. The gnoll closely misses you.
The gnoll barely misses you.
The gnoll hits you from afar with a +0 spear.
Grinder gestures at you. Pain shoots through your body!
* * * LOW HITPOINT WARNING * * *
The gnoll barely misses you.
You closely miss Grinder.
Grinder is severely wounded.
You barely miss the gnoll.
The gnoll hits you but does no damage. x2
The gnoll hits you from afar with a +0 spear!
* * * LOW HITPOINT WARNING * * *
Grinder gestures at you.
You suddenly lose the ability to move!
The gnoll hits you but does no damage.
The gnoll hits you from afar with a +0 spear.
You die...

................##..###
.......##...##...###....
.......##............#..
>.......................
........................
##g.......>.......#.#...
..)#ggg......###.....##
# ##.#.))......###.#####
...#...5@......##..#
.....).g...........#
.....).............#
...................#
................#..#
.......)...####.####
.......%... ...


You could see Grinder and 4 gnolls.

Vanquished Creatures
  Eustachio (D:5)
  Blork the orc (D:4)
  A hound (D:5)
  An orc priest (D:5)
  A gnoll shaman (D:5)
  A centaur skeleton (D:4)
  An orc wizard (D:5)
  A worker ant (D:4)
  A hound skeleton (D:4)
  Robin (D:2)
  7 adders
  A gnoll (D:5)
  3 worms
  6 dart slugs
  2 leopard geckos (D:2)
  5 orcs
  2 giant cockroaches
  8 goblins
  9 hobgoblins
  3 jackals (D:3)
  2 ball pythons
  6 bats
  2 frilled lizards (D:2)
  8 kobolds
  A quokka zombie (D:5)
  9 rats
84 creatures vanquished.

Vanquished Creatures (others)
  12 toadstools (D:5)
12 creatures vanquished.

Grand Total: 96 creatures vanquished

Notes
Turn   | Place    | Note
-------+----------+-------------------------------------------
     0 | D:1      | zeta the Demonspawn Gladiator began the quest for the Orb.
     0 | D:1      | Reached XP level 1. HP: 16/16 MP: 1/1
    99 | D:1      | Reached skill level 3 in Axes
   224 | D:1      | Gained mutation: When seriously injured, your bleeding
                  | wounds create armour. (AC +6) [demonic ancestry]
   224 | D:1      | Reached XP level 2. HP: 14/22 MP: 2/2
  1439 | D:2      | Noticed Robin
  1449 | D:2      | Killed Robin
  1449 | D:2      | Reached skill level 4 in Axes
  1449 | D:2      | Gained mutation: You are slightly more attuned to the
                  | shadows. [demonic ancestry]
  1449 | D:2      | Reached XP level 3. HP: 20/27 MP: 3/3
  2132 | D:2      | Gained mutation: You are significantly more attuned to the
                  | shadows. [demonic ancestry]
  2132 | D:2      | Reached XP level 4. HP: 27/33 MP: 4/4
  2302 | D:2      | You fall into a shaft and drop 2 floors!
  2375 | D:4      | Noticed Blork the orc
  2392 | D:4      | Killed Blork the orc
  2392 | D:4      | Reached skill level 5 in Axes
  2392 | D:4      | Gained mutation: You are immune to rotting. [demonic
                  | ancestry]
  2392 | D:4      | Reached XP level 5. HP: 25/38 MP: 2/5
  3162 | D:4      | Found a glowing golden altar of the Shining One.
  3295 | D:4      | Reached skill level 6 in Axes
  3551 | D:3      | Found a shadowy altar of Dithmenos.
  4277 | D:3      | Gained mutation: You may emit foul miasma when damaged in
                  | melee. [demonic ancestry]
  4277 | D:3      | Reached XP level 6. HP: 44/44 MP: 6/6
  4566 | D:3      | Found a faded altar of an unknown god.
  4809 | D:5      | Entered Level 5 of the Dungeon
  4809 | D:5      | Noticed Eustachio
  4836 | D:5      | Killed Eustachio
  4850 | D:5      | Reached skill level 7 in Axes
  5079 | D:5      | Found a runed translucent door.
  5081 | D:5      | Noticed Crazy Yiuf
  5153 | D:5      | Noticed Grinder
  5171 | D:5      | Reached XP level 7. HP: 21/50 MP: 3/7
  5171 | D:5      | Paralysed by Grinder for 5 turns
  5184 | D:5      | Paralysed by Grinder for 7 turns
  5184 | D:5      | Slain by a gnoll

Levels and vault maps discovered:
D:1:      evilmike_arrival_plus, layout_basic
D:2:      layout_loops_ring, first_ration, uniq_robin
D:3:      layout_rooms, nicolae_dithmenos_shadow_blocks,
          chequers_ecumenical_altar_island
D:4:      layout_layer_cave, nicolae_tso_carved_into_rock, uniq_blork_the_orc
D:5:      layout_rooms, gammafunk_ghost_cemetery, tgw_fedhas,
          uniq_crazy_yiuf_cottage, uniq_grinder, uniq_eustachio

Skill      XL: |  1  2  3  4  5  6 |
---------------+-------------------+-----
Axes           | 3 4 5 6 7 |  7.5
Fighting       | |  2.0
Throwing       | |  1.7
Dodging        | |  2.6

Action                   |  1- 3 |  4- 6 |  7- 9 || total
-------------------------+-------+-------+-------++-------
Melee: War axe           |    25 |     8 |     7 ||    40
       Dagger            |    86 |   169 |       ||   255
  Use: Scroll            |       |     6 |       ||     6
       Potion            |       |     2 |     2 ||     4
 Stab: Sleeping          |       |     6 |       ||     6
  Eat: Chunk             |     4 |     9 |       ||    13
Armor: Leather armour    |    22 |    92 |    23 ||   137
Dodge: Dodged            |    66 |   166 |    29 ||   261

Table legend:
 A = Non-vault XP
 B = Vault XP
 C = Vault XP percentage of total XP
 D = Non-vault monster count
 E = Vault monster count
 F = Vault count percentage of total count
                 A         B        C        D         E       F
            +---------+---------+-------+---------+---------+-------
      Total |     485 |     326 |  40.2 |      75 |       9 |  10.7
            +---------+---------+-------+---------+---------+-------
        D:1 |      28 |       0 |   0.0 |      15 |       0 |   0.0
        D:2 |      67 |      27 |  28.7 |      24 |       7 |  22.6
        D:3 |      69 |       0 |   0.0 |      20 |       0 |   0.0
        D:4 |     120 |      91 |  43.1 |       6 |       1 |  14.3
        D:5 |     201 |     208 |  50.9 |      10 |       1 |   9.1
            +---------+---------+-------+---------+---------+-------
